 Dungeon Crawl Stone Soup version 0.30-a0-800-g7c544603b3 (webtiles) character file.

Game seed: 5634178815164267264

529 jlumianski the Chopper (level 7, -2/46 (54) HPs)
             Began as a Demonspawn Fighter on Feb 21, 2023.
             Slain by Grinder (5 damage)
             ... on level 5 of the Dungeon.
             The game lasted 00:18:25 (3630 turns).

jlumianski the Chopper (Demonspawn Fighter)         Turns: 3630, Time: 00:18:26

HP:   -2/46 (54)    AC: 11    Str: 18    XL:     7   Next: 3%
MP:   7/7           EV:  7    Int:  9    God:
Gold: 247           SH:  6    Dex: 13    Spells: 6/6 levels left

rFire   . . .      SeeInvis .    a - +0 war axe (drain)
rCold   . . .      Faith    .    c - +1 buckler
rNeg    . . .      Spirit   .    t - +0 chain mail
rPois   .          Reflect  .    (no helmet)
rElec   .          Harm     .    (no cloak)
rCorr   .          Rampage  .    (no gloves)
Will    .....                    (no boots) Stlth
                                 (no amulet)
HPRegen 0.27/turn                (no ring)
MPRegen 0.10/turn                (no ring)

@: heavily drained
A: icy blue scales 1, powered by pain 1, weakness stinger 1
a: no special abilities


You were on level 5 of the Dungeon.
You visited 1 branch of the dungeon, and saw 5 of its levels.
You also visited: Ossuary.

You collected 247 gold pieces.

Inventory:

Hand Weapons
 a - a +0 war axe of draining (weapon)
Missiles
 f - 63 stones
 i - 10 poisoned darts
 m - 6 javelins (quivered)
 u - 3 boomerangs
Armour
 b - a +0 scale mail
 c - a +1 buckler (worn)
 t - a +0 chain mail (worn)
Wands
 n - a wand of roots (6)
Scrolls
 d - 2 scrolls of teleportation
 h - a scroll of vulnerability
 j - 2 scrolls of amnesia {unknown}
 q - a scroll of fear {unknown}
 s - a scroll of blinking {unknown}
Potions
 e - a potion of ambrosia
 g - 3 potions of attraction
 k - a potion of magic {unknown}
 l - 2 potions of curing
 o - 3 potions of mutation {unknown}
 p - a potion of brilliance {unknown}
 r - a potion of resistance {unknown}


   Skills:
 + Level 4.1 Fighting
 + Level 4.9 Axes
 + Level 1.0 Throwing
 + Level 4.0 Armour
 + Level 1.0 Dodging
 + Level 0.2 Stealth
 + Level 3.3 Shields


You had 6 spell levels left.
You didn't know any spells.
Your spell library contained the following spells:

 Spells                   Type           Power      Damage    Failure   Level
 Apportation              Tloc           0%         N/A       100%        1
 Ensorcelled Hibernation  Hex/Ice        0%         N/A       100%        2
 Passwall                 Tmut/Erth      0%         N/A       100%        2
 Swiftness                Air            0%         N/A       100%        3
 Alistair's Intoxication  Tmut/Pois      0%         N/A       100%        5


Dungeon Overview and Level Annotations

Branches:
Dungeon (5/15)            Ossuary (visited)
 Temple: D:4-7

Altars:
Ashenzari
Hepliaklqana
Makhleb
Ru
Sif Muna
Wu Jian

Annotations:
D:5 Grinder, Ijyb


Innate Abilities, Weirdness & Mutations

You are partially covered in icy blue scales. (AC +2)
You sometimes gain a little power by taking damage.
You have a small tail.


Message History

Grinder is unaffected.
Ijyb is unaffected.
The grasping roots constrict you.
You hear an angry hiss. x2
You hit Grinder.
Grinder is heavily wounded.
You closely miss Ijyb. You block Grinder's attack. Ijyb barely misses you.
The grasping roots constrict you. You block Ijyb's attack.
The grasping roots constrict you.
* * * LOW HITPOINT WARNING * * *
Grinder hits you.
* * * LOW HITPOINT WARNING * * *
You writhe in agony.
* * * LOW HITPOINT WARNING * * *
You feel better. Grinder hits you but does no damage.
Ijyb hits you but does no damage.
You feel drained. The grasping roots constrict you.
* * * LOW HITPOINT WARNING * * *
The grasping roots release their grip on you.
You hit Grinder.
Grinder is heavily wounded.
You closely miss Ijyb.
An adder comes into view.
Grinder says, "FISH!"
Grinder barely misses you. Ijyb barely misses you.
You slash Grinder!
Grinder is severely wounded.
You hit Ijyb but do no damage. You drain Ijyb.
Grinder hits you but does no damage.
Ijyb hits you with a +4 dagger of draining.
* * * LOW HITPOINT WARNING * * *
You feel drained.
You hit Grinder but do no damage.
Grinder is severely wounded.
You barely miss Ijyb. You block Ijyb's attack. Grinder hits you.
* * * LOW HITPOINT WARNING * * *
You writhe in agony.
* * * LOW HITPOINT WARNING * * *
Ijyb hits you but does no damage.
You feel drained. Grinder hits you.
* * * LOW HITPOINT WARNING * * *
You writhe in agony.
You die...

#.#...###.##.#.#.##
......#...##.#.#.##
......###.#.......#
##.....##.........##
...............#...
#S#.####.##.##.....
#.#.# #.##....#..#
#####.5.#
#.##....#...
...#.@.# #)##....#
## #?.##.##.g#
#..†....#
#..5......#
##.##....#
.......#####
#...###### .......
#...# ...###. #...#
## #. #...# #. #####
.#


You could see Grinder, Ijyb (very drained) and an adder.

Vanquished Creatures
  Sigmund (D:5)
  A scorpion (D:5)
  A human zombie (Ossuary)
  2 iguanas
  Natasha (D:3)
  2 mummies (Ossuary)
  7 adders
  4 adder zombies (Ossuary)
  A worm (D:2)
  A dart slug (D:4)
  7 endoplasms
  3 giant cockroaches
  4 goblins
  7 hobgoblins
  4 jackals
  8 kobolds
  2 quokkas (D:4)
  8 ball pythons
  4 bats
  3 frilled lizards (D:1)
  A goblin zombie (Ossuary)
  14 hobgoblin zombies (Ossuary)
  8 kobold zombies (Ossuary)
  8 orc zombies (Ossuary)
  A rat (D:1)
  A rat zombie (Ossuary)
104 creatures vanquished.

Notes
Turn   | Place    | Note
-------+----------+-------------------------------------------
     0 | D:1      | jlumianski the Demonspawn Fighter began the quest for the
                  | Orb.
     0 | D:1      | Reached XP level 1. HP: 18/18 MP: 1/1
    98 | D:1      | Gained mutation: You have a small tail. [demonic ancestry]
    98 | D:1      | Reached XP level 2. HP: 24/24 MP: 2/2
   562 | D:1      | Reached XP level 3. HP: 29/29 MP: 3/3
  1037 | D:2      | Found a sacrificial altar of Ru.
  1124 | D:2      | Gained mutation: You are partially covered in icy blue
                  | scales. (AC +2) [demonic ancestry]
  1124 | D:2      | Reached XP level 4. HP: 25/35 MP: 4/4
  1363 | D:3      | Found a broken altar of Ashenzari.
  1364 | D:3      | Found a burning altar of Makhleb.
  1688 | D:4      | Reached XP level 5. HP: 33/41 MP: 5/5
  1732 | D:4      | Reached skill level 1 in Dodging
  1790 | D:4      | Found an ornate altar of the Wu Jian Council.
  1833 | D:4      | Found a sand-covered staircase.
  1838 | Ossuary  | Entered an ossuary
  2403 | D:4      | Found a shimmering blue altar of Sif Muna.
  2457 | D:3      | Noticed Natasha
  2457 | D:3      | You fall into a shaft and drop 2 floors!
  2457 | D:5      | Entered Level 5 of the Dungeon
  2467 | D:5      | Noticed Sigmund
  2478 | D:5      | Reached XP level 6. HP: 38/48 MP: 6/6
  2501 | D:5      | Killed Sigmund
  2502 | D:5      | Reached skill level 1 in Throwing
  3034 | D:3      | Killed Natasha
  3035 | D:3      | Gained mutation: You sometimes gain a little power by
                  | taking damage. [demonic ancestry]
  3035 | D:3      | Reached XP level 7. HP: 25/54 MP: 7/7
  3142 | D:3      | Found a hazy altar of Hepliaklqana.
  3603 | D:5      | Noticed Grinder
  3613 | D:5      | Paralysed by Grinder for 2 turns
  3615 | D:5      | Noticed Ijyb
  3630 | D:5      | Slain by Grinder

Illustrated notes

Levels and vault maps discovered:
D:1:      mrwooster_arrival_arrow, layout_rooms
D:2:      layout_basic, basic_altar
D:3:      layout_basic, worldfamousw_hep_ancestral_shrine,
          chequers_temple_overflow_statue_of_worship, chequers_garden,
          nicolae_titane, uniq_natasha
D:4:      layout_basic, mainiacjoe_overflow_boulevard,
          mainiacjoe_overflow_brackets, enter_ossuary_2
D:5:      layout_basic, temple_pool_b, uniq_ijyb, uniq_sigmund, uniq_grinder,
          uniq_duvessa

Skill      XL: |  1  2  3  4  5  6 |
---------------+-------------------+-----
Shields        | 3 |  3.3
Axes           | 2 3 4 |  4.9
Armour         | 3 4 |  4.0
Dodging        | 1 |  1.0
Throwing       | 1 |  1.0
Fighting       | 4 |  4.1
Stealth        | |  0.2

Action                     |  1- 3 |  4- 6 |  7- 9 || total
---------------------------+-------+-------+-------++-------
  Melee: War axe           |   111 |   134 |    27 ||   272
         Tailslap          |     5 |    12 |     3 ||    20
  Throw: Dart              |     4 |     4 |       ||     8
         Javelin           |       |    10 |       ||    10
    Use: Potion            |       |     2 |     4 ||     6
         Scroll            |       |     7 |       ||     7
 Armour: Scale mail        |    85 |     3 |       ||    88
         Chain mail        |       |    77 |    11 ||    88
  Dodge: Dodged            |    68 |    55 |    11 ||   134
  Block: Buckler           |    25 |    37 |    10 ||    72

Table legend: (Time is in decaauts)
 A = Elapsed time spent in this place.
 B = Non-inter-level travel time spent in this place.
 C = Inter-level travel time spent in this place.
 D = Time resting spent in this place.
 E = Time spent auto-exploring this place.
 F = Levels seen in this place.
 G = Mean time per level.
                   A        B        C        D        E       F      G
               +--------+--------+--------+--------+--------+-----+--------+
         Total |   3744 |   3655 |     89 |    260 |   1699 |   6 |  624.0 |
       Dungeon |   3171 |   3082 |     89 |    219 |   1696 |   5 |  634.2 |
       Ossuary |    572 |    572 |      0 |     41 |      3 |   1 |  572.0 |
               +--------+--------+--------+--------+--------+-----+--------+

Top non-repeatable levels by time:
     D:3: 926 daAuts
     D:4: 748 daAuts
     D:2: 715 daAuts
     D:1: 671 daAuts
 Ossuary: 572 daAuts
     D:5: 109 daAuts
